cohdb
Replays
Latest Replays
All Replays
Popular Replays
Top Player Replays
Match Explorer
How It Works
Community
CoH3 Stats
Reddit
Sign in to upload your games and track your stats! →
Sign in with Steam
Match 42084141
Unlisted
Match 42084141
Overview
Messages
Build Orders
End
Kettenkrad Recon Vehicle
Construct Infanterie Kompanie
Selects Mechanized Battlegroup
MG 42 Machine Gun Team
MG 42 Machine Gun Team
Grenadier Squad
Construct Panzergrenadier Kompanie
Panzergrenadier Squad
Medical Station
Panzergrenadier Squad
Panzergrenadier Officer Quarters
Selects Raid Package
Pak 40 Anti-tank Gun Team
Selects StuG Assault Group
GrW 34 Mortar Team
Selects UNKNOWN (2160084)
StuG Assault Group
Pak 40 Anti-tank Gun Team
Selects Mobile Repair Stations
Selects Wespe Self-propelled Artillery
ZuDenWaffen
Ironhide
incel_incinerat0r
Jonzzy22
0
0
Comments
sign in to comment!
No comments posted yet!